General information
- name: BNet
- type: Ladder 1vs1/FFA
- host: Battle.net
- saver: BEAR_AND
map: TwistedMeadows
- players: 2
- length: 73:42
- speed: Fast
- version: 1.27 W3XP
- replay type:

» download(267 KB)
Players
team 1 (winner)
BEAR_AND (
teal | 111 APM | 8191 actions | 73:42)
7 Archmage
2 Summon Water Elemental
2 Brilliance Aura
2 Blizzard
1 Mass Teleport
6 Mountain King
3 Storm Bolt
2 Bash
1 Avatar
6 Paladin
3 Holy Light
3 Divine Shield
» actions
| Assign group hotkey | 66 | |
| Basic commands | 45 | |
| Build / train | 212 | |
| Enter build submenu | 71 | |
| Enter hero's abilities submenu | 20 | |
| Give item / drop item | 6 | |
| Remove unit from queue | 6 | |
| Right click | 4959 | |
| Select / deselect | 1142 | |
| Select group hotkey | 974 | |
| Use ability | 689 | |
8191 total
» units
| Peasant | 19 | |
| Priest | 1 | |
| Dragonhawk Rider | 4 | |
| Gryphon Rider | 1 | |
| Goblin Zeppelin | 3 | |
| Sorceress | 1 | |
29 total
» upgrades
| Masonry | 3 | |
| Lumber Harvesting | 2 | |
| Magic Sentry | 1 | |
| Cloud | 1 | |
| Backpack | 1 | |
| Storm Hammers | 1 | |
| Animal War Training | 1 | |
| Swords | 3 | |
| Armor | 3 | |
| Priest Training | 2 | |
| Sorceress Training | 1 | |
| Gunpowder | 0 | |
| Plating | 0 | |
19 total
» buildings
| Altar of Kings | 1 | |
| Farm | 4 | |
| Lumber Mill | 1 | |
| Arcane Vault | 1 | |
| Scout Tower | 273 | |
| Arcane Tower | 9 | |
| Guard Tower | 98 | |
| Town Hall | 5 | |
| Keep | 4 | |
| Arcane Sanctum | 1 | |
| Gryphon Aviary | 2 | |
| Castle | 4 | |
| Blacksmith | 1 | |
| Barracks | 2 | |
406 total
» build order
00:08 Altar of Kings
00:20 Farm
00:34 Lumber Mill
00:47 Farm
01:07 Arcane Vault
01:13 Scout Tower
01:40 Arcane Tower
01:51 Scout Tower
02:13 Scout Tower
02:14 Scout Tower
02:26 Guard Tower
02:32 Scout Tower
02:33 Scout Tower
02:34 Scout Tower
03:04 Guard Tower
03:05 Guard Tower
03:53 Town Hall
04:00 Scout Tower
04:00 Scout Tower
04:00 Scout Tower
04:03 Guard Tower
04:07 Guard Tower
05:05 Guard Tower
05:05 Arcane Tower
05:29 Keep
05:29 Keep
05:36 Scout Tower
05:36 Scout Tower
05:50 Farm
06:06 Guard Tower
06:07 Guard Tower
06:59 Guard Tower
07:00 Scout Tower
07:01 Scout Tower
07:02 Scout Tower
07:03 Scout Tower
07:03 Scout Tower
07:08 Farm
07:59 Arcane Sanctum
08:00 Gryphon Aviary
08:26 Scout Tower
08:27 Scout Tower
08:28 Scout Tower
08:29 Scout Tower
08:30 Scout Tower
08:30 Scout Tower
08:31 Scout Tower
08:32 Scout Tower
08:33 Scout Tower
08:34 Scout Tower
08:35 Scout Tower
08:35 Castle
08:35 Castle
08:36 Castle
08:51 Guard Tower
09:19 Guard Tower
10:21 Guard Tower
10:42 Gryphon Aviary
10:44 Blacksmith
10:55 Scout Tower
10:55 Scout Tower
10:57 Scout Tower
10:57 Scout Tower
10:58 Scout Tower
11:21 Guard Tower
11:21 Guard Tower
11:22 Guard Tower
11:33 Guard Tower
11:52 Guard Tower
13:13 Guard Tower
13:13 Guard Tower
13:14 Guard Tower
13:14 Guard Tower
13:16 Scout Tower
13:17 Scout Tower
13:17 Scout Tower
13:18 Scout Tower
14:25 Guard Tower
14:39 Guard Tower
14:41 Scout Tower
14:42 Scout Tower
14:42 Scout Tower
14:43 Scout Tower
16:06 Town Hall
16:10 Scout Tower
16:11 Scout Tower
16:12 Scout Tower
16:12 Scout Tower
16:13 Scout Tower
16:13 Scout Tower
16:14 Scout Tower
16:14 Scout Tower
16:15 Scout Tower
16:15 Scout Tower
16:16 Scout Tower
16:16 Scout Tower
16:33 Guard Tower
16:45 Arcane Tower
16:45 Guard Tower
16:45 Guard Tower
17:16 Guard Tower
17:17 Guard Tower
17:17 Guard Tower
18:22 Guard Tower
18:24 Guard Tower
18:43 Guard Tower
18:45 Scout Tower
18:46 Scout Tower
18:46 Scout Tower
18:46 Scout Tower
19:03 Town Hall
19:04 Scout Tower
19:05 Scout Tower
19:06 Scout Tower
19:06 Scout Tower
19:07 Scout Tower
19:07 Scout Tower
19:08 Scout Tower
19:08 Scout Tower
19:09 Scout Tower
19:09 Scout Tower
19:10 Scout Tower
19:11 Scout Tower
19:11 Scout Tower
19:12 Scout Tower
19:13 Scout Tower
19:13 Scout Tower
19:14 Scout Tower
21:06 Guard Tower
21:52 Guard Tower
21:52 Guard Tower
21:58 Guard Tower
21:59 Scout Tower
22:01 Scout Tower
22:01 Scout Tower
22:02 Scout Tower
22:02 Scout Tower
22:03 Scout Tower
22:12 Scout Tower
22:12 Scout Tower
22:13 Scout Tower
22:13 Scout Tower
22:14 Scout Tower
22:15 Scout Tower
22:19 Scout Tower
22:19 Scout Tower
22:20 Scout Tower
22:20 Scout Tower
22:21 Scout Tower
22:44 Barracks
22:46 Barracks
23:05 Guard Tower
23:09 Scout Tower
23:09 Scout Tower
23:59 Arcane Tower
23:59 Guard Tower
24:00 Guard Tower
24:13 Guard Tower
24:18 Scout Tower
24:18 Scout Tower
24:19 Scout Tower
24:20 Scout Tower
24:20 Scout Tower
24:20 Scout Tower
24:21 Scout Tower
24:22 Scout Tower
24:22 Scout Tower
24:23 Scout Tower
25:00 Guard Tower
25:05 Guard Tower
25:13 Guard Tower
25:17 Scout Tower
25:18 Scout Tower
25:18 Scout Tower
25:19 Scout Tower
25:19 Scout Tower
25:20 Scout Tower
25:20 Scout Tower
25:21 Scout Tower
25:22 Scout Tower
25:22 Scout Tower
25:23 Scout Tower
25:23 Scout Tower
25:24 Scout Tower
25:25 Scout Tower
25:26 Scout Tower
25:26 Scout Tower
26:11 Guard Tower
26:12 Guard Tower
26:13 Guard Tower
26:15 Guard Tower
26:48 Guard Tower
26:50 Guard Tower
28:16 Guard Tower
28:20 Scout Tower
28:21 Scout Tower
28:22 Scout Tower
28:22 Scout Tower
28:23 Scout Tower
28:23 Scout Tower
28:24 Scout Tower
28:25 Scout Tower
29:24 Guard Tower
29:29 Scout Tower
29:29 Scout Tower
29:30 Scout Tower
29:30 Scout Tower
29:31 Scout Tower
29:31 Scout Tower
29:32 Scout Tower
29:32 Scout Tower
29:37 Guard Tower
29:56 Arcane Tower
29:57 Arcane Tower
30:03 Guard Tower
30:35 Guard Tower
31:19 Guard Tower
35:38 Scout Tower
35:38 Scout Tower
35:38 Scout Tower
36:34 Town Hall
36:39 Guard Tower
36:47 Scout Tower
36:48 Scout Tower
36:49 Scout Tower
36:49 Scout Tower
36:50 Scout Tower
36:50 Scout Tower
36:51 Scout Tower
36:51 Scout Tower
36:53 Scout Tower
36:54 Scout Tower
36:55 Scout Tower
37:08 Guard Tower
37:16 Arcane Tower
37:16 Guard Tower
37:16 Guard Tower
37:37 Guard Tower
37:40 Scout Tower
37:41 Scout Tower
37:42 Scout Tower
37:42 Scout Tower
37:45 Guard Tower
38:31 Guard Tower
39:06 Guard Tower
39:09 Scout Tower
39:10 Scout Tower
39:10 Scout Tower
39:11 Scout Tower
39:12 Scout Tower
39:12 Scout Tower
39:13 Scout Tower
39:13 Scout Tower
39:14 Scout Tower
39:15 Scout Tower
39:15 Scout Tower
39:16 Scout Tower
39:16 Scout Tower
39:17 Scout Tower
39:17 Scout Tower
39:46 Guard Tower
40:22 Guard Tower
40:25 Scout Tower
40:26 Scout Tower
40:26 Scout Tower
40:27 Scout Tower
40:28 Scout Tower
40:28 Scout Tower
40:33 Town Hall
40:39 Scout Tower
40:39 Scout Tower
40:40 Scout Tower
40:41 Scout Tower
40:41 Scout Tower
40:42 Scout Tower
40:43 Scout Tower
40:44 Scout Tower
40:44 Scout Tower
40:45 Scout Tower
40:46 Scout Tower
40:46 Scout Tower
40:47 Scout Tower
40:47 Scout Tower
40:48 Scout Tower
40:48 Scout Tower
40:49 Scout Tower
40:50 Scout Tower
40:51 Scout Tower
40:52 Scout Tower
40:53 Scout Tower
40:54 Scout Tower
40:56 Guard Tower
41:10 Arcane Tower
41:10 Guard Tower
41:26 Guard Tower
41:42 Guard Tower
41:43 Guard Tower
41:48 Guard Tower
41:59 Scout Tower
42:00 Scout Tower
42:00 Scout Tower
42:01 Scout Tower
42:02 Scout Tower
42:03 Scout Tower
42:05 Guard Tower
42:38 Guard Tower
42:42 Guard Tower
43:33 Guard Tower
43:36 Guard Tower
43:42 Scout Tower
43:43 Scout Tower
43:43 Scout Tower
43:47 Scout Tower
43:48 Scout Tower
43:48 Scout Tower
43:50 Scout Tower
44:04 Scout Tower
44:05 Scout Tower
44:06 Scout Tower
44:07 Scout Tower
44:08 Scout Tower
44:08 Scout Tower
44:09 Scout Tower
44:10 Scout Tower
44:11 Scout Tower
44:11 Scout Tower
44:12 Scout Tower
44:13 Scout Tower
44:14 Scout Tower
44:15 Scout Tower
44:16 Scout Tower
44:16 Scout Tower
44:18 Scout Tower
44:18 Scout Tower
44:19 Scout Tower
44:19 Scout Tower
44:20 Scout Tower
44:21 Guard Tower
44:23 Guard Tower
44:32 Guard Tower
44:41 Scout Tower
44:42 Scout Tower
44:42 Scout Tower
44:42 Scout Tower
44:43 Scout Tower
44:43 Scout Tower
45:01 Guard Tower
45:18 Guard Tower
45:52 Guard Tower
45:55 Scout Tower
45:56 Scout Tower
45:56 Scout Tower
45:57 Scout Tower
46:02 Guard Tower
46:04 Guard Tower
46:06 Guard Tower
47:09 Guard Tower
48:57 Guard Tower
49:02 Guard Tower
49:07 Guard Tower
49:45 Guard Tower
50:57 Keep
50:59 Scout Tower
50:59 Scout Tower
51:00 Scout Tower
51:01 Scout Tower
51:01 Scout Tower
51:02 Scout Tower
51:03 Scout Tower
51:03 Scout Tower
51:06 Scout Tower
51:06 Scout Tower
51:07 Scout Tower
51:07 Scout Tower
51:08 Scout Tower
51:09 Scout Tower
51:09 Scout Tower
51:09 Scout Tower
51:11 Scout Tower
51:11 Scout Tower
51:12 Scout Tower
51:12 Scout Tower
51:16 Scout Tower
51:16 Scout Tower
51:17 Scout Tower
51:17 Scout Tower
51:18 Scout Tower
51:18 Scout Tower
51:19 Scout Tower
51:19 Scout Tower
52:39 Guard Tower
52:50 Guard Tower
53:21 Castle
53:23 Guard Tower
54:49 Guard Tower
56:24 Guard Tower
57:22 Guard Tower
57:48 Guard Tower
65:06 Scout Tower
65:07 Scout Tower
65:08 Scout Tower
65:08 Scout Tower
65:10 Scout Tower
69:42 Arcane Tower
» items
| Staff of Teleportation | 3 | |
| Scroll of Regeneration | 2 | |
| Lesser Clarity Potion | 1 | |
| Boots of Speed | 5 | |
| Staff of Sanctuary | 3 | |
| Orb of Fire | 2 | |
| Tome of Retraining | 1 | |
17 total
team 2 (loser)
bLUEBaLL (
pink | 89 APM | 6536 actions | 73:41)
7 Mountain King
3 Storm Bolt
3 Thunder Clap
1 Avatar
» actions
| Assign group hotkey | 57 | |
| Basic commands | 22 | |
| Build / train | 141 | |
| Enter build submenu | 52 | |
| Enter hero's abilities submenu | 7 | |
| Give item / drop item | 8 | |
| Remove unit from queue | 2 | |
| Right click | 3681 | |
| Select / deselect | 1236 | |
| Select group hotkey | 1147 | |
| Use ability | 183 | |
6536 total
» units
| Peasant | 31 | |
| Rifleman | 11 | |
| Goblin Shredder | 1 | |
| Mortar Team | 15 | |
| Forest Troll Shadow Priest | 1 | |
| Siege Engine | 3 | |
| Knight | 1 | |
| Goblin Zeppelin | 1 | |
| Sorceress | 3 | |
| Priest | 2 | |
| Gryphon Rider | 8 | |
77 total
» upgrades
| Gunpowder | 2 | |
| Armor | 3 | |
| Long Rifles | 1 | |
| Barrage | 1 | |
| Fragmentation Shards | 1 | |
| Flare | 1 | |
| Swords | 1 | |
| Storm Hammers | 1 | |
11 total
» buildings
| Altar of Kings | 1 | |
| Farm | 12 | |
| Blacksmith | 1 | |
| Lumber Mill | 1 | |
| Barracks | 2 | |
| Scout Tower | 21 | |
| Guard Tower | 10 | |
| Arcane Vault | 2 | |
| Town Hall | 4 | |
| Keep | 1 | |
| Workshop | 3 | |
| Cannon Tower | 1 | |
| Castle | 1 | |
| Arcane Sanctum | 2 | |
| Gryphon Aviary | 2 | |
64 total
» build order
00:11 Altar of Kings
00:14 Farm
01:03 Blacksmith
02:02 Lumber Mill
02:23 Farm
03:04 Barracks
03:07 Scout Tower
03:32 Barracks
03:35 Guard Tower
03:39 Farm
03:45 Scout Tower
04:21 Guard Tower
04:35 Farm
04:49 Arcane Vault
05:28 Scout Tower
05:33 Scout Tower
05:37 Scout Tower
05:58 Guard Tower
06:03 Guard Tower
07:10 Farm
07:13 Farm
08:01 Town Hall
08:06 Scout Tower
08:20 Keep
08:37 Guard Tower
09:50 Farm
11:13 Workshop
11:17 Workshop
11:20 Workshop
11:29 Farm
12:35 Farm
12:38 Farm
13:03 Guard Tower
13:05 Cannon Tower
14:01 Farm
14:04 Farm
16:15 Town Hall
18:36 Castle
22:00 Scout Tower
22:01 Scout Tower
35:17 Scout Tower
35:19 Scout Tower
35:20 Scout Tower
35:23 Scout Tower
35:26 Scout Tower
35:58 Guard Tower
41:46 Town Hall
44:58 Scout Tower
45:00 Scout Tower
45:03 Scout Tower
49:04 Guard Tower
50:31 Scout Tower
50:32 Scout Tower
50:34 Scout Tower
50:39 Scout Tower
50:41 Scout Tower
52:09 Guard Tower
52:32 Guard Tower
53:35 Arcane Sanctum
53:37 Arcane Sanctum
56:11 Arcane Vault
56:17 Gryphon Aviary
56:24 Gryphon Aviary
64:16 Town Hall
» items
| Scroll of Regeneration | 9 | |
| Lesser Clarity Potion | 6 | |
| Potion of Healing | 7 | |
| Ivory Tower | 2 | |
| Orb of Fire | 1 | |
| Potion of Mana | 2 | |
| Scroll of Town Portal | 4 | |
31 total
Chat log
(00:10 / All) BEAR_AND: hi
(00:19 / All) bLUEBaLL: yo
(01:15 / All) bLUEBaLL: wtf r u lagging
(01:19 / All) BEAR_AND: no that's you
(01:25 / All) bLUEBaLL: i never lagg
(01:30 / All) BEAR_AND: ok
(01:46 / All) bLUEBaLL: idk
(01:51 / All) bLUEBaLL: should be fine
(21:02 / All) BEAR_AND: nice surround lol
(26:56 / All) bLUEBaLL: watch this
(27:44 / All) BEAR_AND: looks good
(27:53 / All) BEAR_AND: nice play
(29:06 / All) BEAR_AND: cyta
(32:23 / All) bLUEBaLL: gg
(32:24 / All) BEAR_AND: lol
(32:26 / All) BEAR_AND: really
(32:28 / All) BEAR_AND: are you that bad
(32:33 / All) BEAR_AND: i don't even have an army
(33:15 / All) BEAR_AND: lmao
(34:26 / All) bLUEBaLL: i fucken tped too
(34:30 / All) BEAR_AND: no you died
(36:42 / All) bLUEBaLL: need any wood
(37:03 / All) BEAR_AND: no thx
(44:21 / All) bLUEBaLL: gg tho
(44:25 / All) BEAR_AND: bye
(51:34 / All) BEAR_AND: you know you can make a priest
(51:39 / All) BEAR_AND: instead of constantly buying items lol
(51:51 / All) bLUEBaLL: lol
(54:44 / All) BEAR_AND: more potions lol
(55:32 / All) BEAR_AND: hahahhah
(55:50 / All) bLUEBaLL: nice job tho crazy
(56:02 / All) bLUEBaLL: lol
(56:15 / All) BEAR_AND: just kill my heroes dude
(56:18 / All) BEAR_AND: it's that easy
(56:38 / All) bLUEBaLL: lol that easy
(56:56 / All) bLUEBaLL: ur pal just keeps healing
(56:58 / All) bLUEBaLL: lol
(57:00 / All) BEAR_AND: if you weren't spending all your money on mortars and TPs
(57:03 / All) bLUEBaLL: good shit tho
(60:18 / All) bLUEBaLL: ur in for it now lol
(64:42 / All) bLUEBaLL: what r u doing
(64:47 / All) BEAR_AND: eating chips
(65:09 / All) bLUEBaLL: lol
(65:24 / All) bLUEBaLL: r u over 400 pounds?
(65:32 / All) BEAR_AND: 165
(66:19 / All) bLUEBaLL: come fight
(66:23 / All) BEAR_AND: im coming
(69:36 / All) BEAR_AND: there u go
(69:47 / All) bLUEBaLL: l mao
(70:55 / All) BEAR_AND: your units
(71:00 / All) BEAR_AND: towers don't move dude
(71:06 / All) bLUEBaLL: no shit
(71:16 / All) BEAR_AND: why are you letting them kill your units
(71:23 / All) bLUEBaLL: not even playing serious
(71:28 / All) BEAR_AND: hehe ok
(72:07 / All) BEAR_AND: cua
(72:36 / All) BEAR_AND: nice dude
(72:41 / All) bLUEBaLL: gg bro gunna smoke a bowl
(72:44 / All) BEAR_AND: owned
(72:47 / All) BEAR_AND: https://highper.ch
(72:49 / All) bLUEBaLL: lol
(72:50 / All) BEAR_AND: for more tower replays
(73:05 / All) bLUEBaLL: nice strat
(73:08 / All) bLUEBaLL: peace
(73:09 / All) BEAR_AND: bad play
(73:15 / All) bLUEBaLL: ua
(73:17 / All) bLUEBaLL: ya
(73:21 / All) bLUEBaLL: can u quit now
(73:24 / All) bLUEBaLL: need the wion
(73:25 / All) bLUEBaLL: win
(73:26 / All) BEAR_AND: try harder next time
(73:27 / All) bLUEBaLL: lol
(73:34 / All) BEAR_AND: watch out for "towers"